 Dungeon Crawl Stone Soup version 0.27-a0-74-gebd156f8b4 (webtiles) character file.

Game seed: 142387454222902674

118576 Morbidden the Grappler (level 16, -14/157 HPs)
             Began as a Troll Fighter on Jan 11, 2021.
             Was a High Priest of Vehumet.
             Shot with a bolt by a naga sharpshooter (22 damage)
             ... on level 2 of the Snake Pit.
             The game lasted 01:11:09 (29414 turns).

Morbidden the Grappler (Troll Fighter)             Turns: 29414, Time: 01:11:10

Health: -14/157    AC: 14    Str: 28    XL:     16   Next: 25%
Magic:  0/34       EV: 11    Int:  9    God:    Vehumet [*****.]
Gold:   1699       SH: 18    Dex:  7    Spells: 12/28 levels left

rFire    . . .     SeeInvis .     - Unarmed
rCold    + . .     Faith    .   b - +0 tower shield
rNeg     . . .     Spirit   +   d - +2 robe of Vines {NoPotionHeal Regen+7}
rPois    .         Reflect  .   t - +2 hat
rElec    .         Harm     .   R - +2 cloak {rC+}
rCorr    .         Rampage  .   (gloves unavailable)
Will     +....                  (boots unavailable)
Stlth    ++........             V - amulet of guardian spirit
HPRegen  3.56/turn              U - ring of magical power
MPRegen  0.24/turn              q - +4 ring of slaying

@: lethally poisoned (-14 -> -14), slowed, very slow
A: large, unfitting armour, claws 3, rugged brown scales 1, clumsy 1,
regeneration 1, shaggy fur 1, tough skin 3
a: Renounce Religion


You were on level 2 of the Snake Pit.
You worshipped Vehumet.
Vehumet was extremely pleased with you.
You visited 5 branches of the dungeon, and saw 26 of its levels.
You also visited: Ice Cave.

You collected 3859 gold pieces.
You spent 2160 gold pieces at shops.

Inventory:

Hand Weapons
 a - a +0 hunting sling
 f - the +5 demon whip "Spellbinder" {antimagic, Will+}
   (You found it in an ice cave)

   It reduces the magical energy of the wielder, and disrupts the spells and
   magical abilities of those hit.
   Natural abilities and divine invocations are not affected.
   It affects your willpower, your defense against some magical effects.
 D - a +1 double sword
Missiles
 h - 2 curare-tipped darts
 l - 259 sling bullets
 r - 18 large rocks
 C - a throwing net
 F - 16 javelins
 J - 47 boomerangs (quivered)
Armour
 b - a +0 tower shield (worn)
 d - the +2 robe of Vines (worn) {NoPotionHeal Regen+7}
   (You bought it in a shop on level 5 of the Dungeon)

   It increases your rate of regeneration.
 t - a +2 hat (worn)
 R - a +2 cloak of cold resistance (worn)
Magical Staves
 K - an uncursed staff of death
Jewellery
 q - a +4 ring of slaying (right claw)
 O - an uncursed ring of protection from cold
 U - a ring of magical power (left claw)
 V - an amulet of guardian spirit (around neck)
Wands
 B - a wand of acid (2)
 L - a wand of digging (19)
 N - a wand of flame (22)
 T - a wand of paralysis (5)
 Y - a wand of iceblast (18)
Scrolls
 g - 9 scrolls of remove curse
 j - 6 scrolls of enchant weapon
 k - 6 scrolls of fog
 n - 3 scrolls of teleportation
 p - 5 scrolls of enchant armour
 u - a scroll of magic mapping
 y - a scroll of amnesia
 z - 2 scrolls of silence
 A - 7 scrolls of immolation
 G - 4 scrolls of identify
 Q - a scroll of brand weapon
Potions
 c - 2 potions of might
 e - 8 potions of ambrosia
 i - 3 potions of invisibility {unknown}
 m - 3 potions of brilliance
 o - 5 potions of heal wounds
 s - 4 potions of degeneration {unknown}
 v - 9 potions of curing
 w - 2 potions of lignification
 E - 5 potions of haste
 H - 3 potions of magic {unknown}
 I - a potion of berserk rage
 M - 3 potions of flight
 W - 5 potions of mutation
Miscellaneous
 P - a condenser vane (inert)
 S - a box of beasts (inert)


   Skills:
 * Level 8.4 Fighting
 * Level 8.4 Throwing
 * Level 9.4 Dodging
 + Level 2.5 Stealth
 * Level 10.0 Shields
 + Level 13.4 Unarmed Combat
 * Level 6.7 Spellcasting
 * Level 4.9 Conjurations
 * Level 6.7 Necromancy
 - Level 1.0 Translocations
 * Level 4.2 Transmutations
 + Level 2.6 Fire Magic
 * Level 3.9 Poison Magic
 + Level 1.2 Evocations


You had 12 spell levels left.
You knew the following spells:

 Your Spells              Type           Power        Failure   Level
a - Vampiric Draining     Necr           7%           11%         3
b - Searing Ray           Conj           22%          3%          2
c - Sticky Flame          Conj/Fire      9%           30%         4
d - Apportation           Tloc           8%           36%         1
e - Eringya's Noxious Bo  Tmut/Pois      5%           98%         6

Your spell library contained the following spells:

 Spells                   Type           Power        Failure   Level
 Starburst                Conj/Fire      4%           98%         6
 Magic Dart               Conj           44%          2%          1
 Animate Skeleton         Necr           30%          3%          1
 Pain                     Necr           60%          3%          1
 Sting                    Tmut/Pois      40%          11%         1
 Conjure Flame            Conj/Fire      9%           11%         3
 Ignite Poison            Fire/Tmut/Pois 9%           11%         3
 Mephitic Cloud           Conj/Pois/Air  8%           14%         3
 Sandblast                Erth           6%           16%         1
 Dazzling Flash           Conj/Hex       14%          17%         3
 Stone Arrow              Conj/Erth      14%          17%         3
 Olgreb's Toxic Radiance  Pois           10%          28%         4
 Passwall                 Tmut/Erth      5%           36%         2
 Animate Dead             Necr           7%           36%         4
 Poisonous Vapours        Pois/Air       12%          38%         2
 Iskenderun's Mystic Bla  Conj/Tloc      8%           41%         4
 Fulminant Prism          Conj/Hex       3%           45%         4
 Corona                   Hex            3%           52%         1
 Summon Small Mammal      Summ           12%          52%         1
 Blink                    Tloc           N/A          52%         2
 Call Imp                 Summ           3%           65%         2
 Ensorcelled Hibernation  Hex/Ice        6%           65%         2
 Slow                     Hex            3%           65%         2
 Agony                    Necr           15%          71%         5
 Call Canine Familiar     Summ           3%           87%         3
 Confusing Touch          Hex            3%           87%         3
 Summon Guardian Golem    Hex/Summ       3%           87%         3
 Tukima's Dance           Hex            3%           87%         3
 Petrify                  Tmut/Erth      6%           94%         4
 Lee's Rapid Deconstruct  Erth           1%           97%         5
 Summon Ice Beast         Ice/Summ       3%           99%         4
 Summon Lightning Spire   Summ/Air       3%           99%         4


Dungeon Overview and Level Annotations

Branches:
Dungeon (15/15)            Temple (1/1) D:6            Lair (6/6) D:10
 Shoals (0/4) Lair:3        Snake (2/4) Lair:4        Slime (0/5) Lair:5
    Orc (2/2) D:9             Elf (0/3) Orc:2        Vaults (0/5) D:14
 Depths (0/5) D:15          IceCv (visited)

Altars:
Ashenzari
Cheibriados
Dithmenos
Elyvilon
Fedhas
Gozag
Hepliaklqana
Kikubaaqudgha
Makhleb
Nemelex Xobeh
Okawaru
Qazlal
Ru
Sif Muna
Trog
Uskayaw
Vehumet
Wu Jian
Xom
Yredelemnul
Zin
The Shining One
Beogh
Jiyva

Shops:
D:5 =[(![   Orc:1 [   Orc:2 ([}[   Snake:1 :

Annotations:
Lair:2 1 runed translucent door, exclusion: 4 oklob plants, po7itron's ghost, journeyman OgHu
Lair:3 2 transporters, Zuseh's ghost, journeyman TrMo
Lair:5 1 runed translucent door
Lair:6 exclusion: oklob plant


Innate Abilities, Weirdness & Mutations

You are too large for most types of armour.
You have claws for hands.
Your natural rate of healing is unusually fast.
You are covered in fur. (AC +1)
You have extremely tough skin. (AC +3)
You are partially covered in rugged brown scales. (AC +1, +3% HP)
You are clumsy. (Dex -2)


Message History

A naga comes into view. It is wielding a +0 trident.
The naga shouts!
A naga comes into view. It is wielding a +0 war axe.
The naga shouts!
A naga mage comes into view. It is wielding a +0 flail.
The naga sharpshooter spits poison at you.
The splash of poison hits you.
You are more poisoned.
* * * LOW HITPOINT WARNING * * *
The naga sharpshooter unwields an uncursed long sword.
The naga sharpshooter wields an uncursed runed arbalest.
It bursts into flame!
A naga sharpshooter comes into view.
It is wielding a +1 arbalest of flaming.
The naga sharpshooter gestures wildly while chanting.
The naga sharpshooter magically shoots a bolt.
You block the bolt.
The naga sharpshooter unwields a +0 morningstar.
The naga sharpshooter wields a +0 arbalest.
The naga sharpshooter shoots a bolt.
The bolt hits you!!
You die...

......... ..
#.#######
#..@...#
##...N.....
#.NNN>....
.....N....
..
#.....N....
...
..N........
....
#...........
.$..
#...........
.... ...[


You could see a naga warrior, 2 naga sharpshooters, a naga mage (wandering) and
3 nagas.

Vanquished Creatures
  2 tengu reavers
  A nagaraja (Snake:1)
  Louise (Snake:1)
  A reaper (IceCv)
  Nessos (Orc:2)
  6 dire elephants
  Fannar (Lair:1)
  Erolcha (D:11)
  12 hydras
  A vault guard (D:14)
  4 boulder beetles
  2 naga warriors
  5 centaur warriors
  A catoblepas (Lair:4)
  5 anacondas
  A death yak (shapeshifter) (D:13)
  3 two-headed ogres
  11 death yaks
  A deep troll earth mage (D:13)
  An orc high priest (Orc:2)
  2 shock serpents
  2 naga sharpshooters
  Urug (Lair:3)
  3 skeletal warriors
  A naga ritualist (Snake:2)
  6 orc knights
  6 mana vipers
  2 wolf spiders
  3 orc sorcerers
  2 cyclopes
  12 ugly things
  A deep elf mage (D:13)
  2 manticores
  2 salamanders
  7 elephants (Lair:6)
  2 ice statues (IceCv)
  4 naga magi
  10 black mambas
  Maggie (Lair:1)
  7 cane toads
  2 torpor snails (Lair:4)
  3 rime drakes
  15 komodo dragons
  A kobold demonologist (D:11)
  43 orc warriors
  A yaktaur (shapeshifter) (D:14)
  12 ice devils
  A queen bee (D:10)
  4 trolls
  A hornet (D:12)
  5 slime creatures
  12 blink frogs
  7 dream sheep
  Sigmund (D:3)
  6 wyverns
  A shadow (D:10)
  48 yaks
  5 basilisks
  2 water elementals (D:14)
  10 humans (D:14)
  4 vampire mosquitoes (D:14)
  13 nagas
  8 wargs
  16 water moccasins
  3 sky beasts
  A black bear (D:8)
  3 ice beasts
  2 eyes of draining
  3 phantoms
  A necrophage (D:11)
  9 wolves
  6 ogres
  13 centaurs
  A big kobold (D:12)
  18 bullfrogs
  A gnoll sergeant (Orc:2)
  4 scorpions
  31 killer bees
  12 wights
  4 howler monkeys
  3 electric eels
  7 centaur zombies
  5 bullfrog skeletons
  3 bullfrog zombies
  3 quasits
  5 hounds
  3 centaur skeletons
  14 orc priests
  7 jellies
  2 gnoll shamans
  Jessica (D:2)
  Ijyb (D:3)
  Terence (D:3)
  Natasha (twice) (D:2)
  3 iguanas
  20 orc wizards
  11 worker ants
  13 hell rats
  A killer bee zombie (D:6)
  A howler monkey zombie (D:8)
  A worker ant zombie (D:8)
  28 gnolls
  12 adders
  10 white imps
  4 ufetubi
  An ooze (D:1)
  An adder skeleton (D:4)
  6 worms
  2 dart slugs (D:1)
  7 leopard geckos
  80 orcs
  A ball python (D:7)
  8 giant cockroaches
  10 goblins
  6 hobgoblins
  22 jackals
  18 kobolds
  8 bats
  7 frilled lizards
  2 quokka zombies (D:6)
  8 rats
818 creatures vanquished.

Vanquished Creatures (collateral kills)
  A naga sharpshooter (Snake:2)
  A killer bee (D:10)
  2 orcs (D:9)
4 creatures vanquished.

Vanquished Creatures (others)
  Psyche (D:9)
  A human (D:14)
  5 white imps (IceCv)
  5 ufetubi (IceCv)
  A bush (Lair:1)
  42 fungi
  44 plants
  4 toadstools (D:9)
103 creatures vanquished.

Grand Total: 925 creatures vanquished

Notes
Turn   | Place    | Note
-------+----------+-------------------------------------------
     0 | D:1      | Morbidden the Troll Fighter began the quest for the Orb.
     0 | D:1      | Reached XP level 1. HP: 22/22 MP: 0/0
    25 | D:1      | Reached XP level 2. HP: 27/29 MP: 1/1
   298 | D:1      | Reached XP level 3. HP: 34/36 MP: 2/2
   503 | D:2      | Noticed Natasha
   521 | D:2      | Killed Natasha
   522 | D:2      | Reached skill level 3 in Unarmed Combat
   522 | D:2      | Reached XP level 4. HP: 26/44 MP: 3/3
   820 | D:2      | Noticed Natasha
  1028 | D:2      | Reached XP level 5. HP: 52/52 MP: 4/4
  1106 | D:2      | Noticed Jessica
  1110 | D:2      | Killed Jessica
  1207 | D:2      | Killed Natasha
  1417 | D:3      | Noticed Terence
  1427 | D:3      | Killed Terence
  1428 | D:3      | Reached skill level 4 in Unarmed Combat
  1454 | D:3      | Reached XP level 6. HP: 61/61 MP: 5/5
  1604 | D:3      | Found a white marble altar of Elyvilon.
  1617 | D:3      | Noticed Sigmund
  1631 | D:3      | Killed Sigmund
  1632 | D:3      | Reached skill level 1 in Throwing
  1712 | D:3      | Reached XP level 7. HP: 46/68 MP: 7/7
  1792 | D:3      | Reached skill level 5 in Unarmed Combat
  1822 | D:3      | Noticed Ijyb
  1829 | D:3      | Killed Ijyb
  1830 | D:3      | Reached skill level 1 in Spellcasting
  2892 | D:5      | Entered Level 5 of the Dungeon
  2930 | D:5      | Found Rihypuc's Antique Armour Shoppe.
  3136 | D:5      | Reached skill level 6 in Unarmed Combat
  3190 | D:5      | Found Ikuwenag's Jewellery Boutique.
  3206 | D:5      | Reached XP level 8. HP: 65/78 MP: 9/9
  3238 | D:5      | Found Orchanepp's Antique Armour Emporium.
  3332 | D:5      | Found Odajint's Weapon Emporium.
  3369 | D:5      | Found Myoblaa's Distillery.
  3964 | D:6      | Found a staircase to the Ecumenical Temple.
  3970 | D:6      | Reached skill level 7 in Unarmed Combat
  4156 | Temple   | Entered the Ecumenical Temple
  4436 | Temple   | Became a worshipper of Vehumet
  5151 | D:7      | Reached XP level 9. HP: 80/85 MP: 10/12
  5509 | D:7      | Reached skill level 8 in Unarmed Combat
  6288 | D:8      | Reached skill level 5 in Fighting
  6296 | D:8      | Reached * piety under Vehumet
  6296 | D:8      | Offered knowledge of Freeze by Vehumet.
  6325 | D:8      | Reached skill level 1 in Stealth
  7339 | D:9      | Noticed Psyche
  7353 | D:9      | Found a staircase to the Orcish Mines.
  7357 | D:9      | Your ally died
  7375 | D:9      | Reached XP level 10. HP: 85/96 MP: 12/14
  7773 | D:10     | Entered Level 10 of the Dungeon
  8037 | D:10     | Offered knowledge of Foxfire by Vehumet.
  8063 | D:10     | Learned a level 3 spell: Vampiric Draining
  8085 | D:10     | Reached ** piety under Vehumet
  8162 | D:10     | Reached skill level 5 in Throwing
  8165 | D:10     | Reached skill level 1 in Necromancy
  8176 | D:10     | Reached skill level 9 in Unarmed Combat
  8229 | D:10     | Gained mutation: You are clumsy. (Dex -2) [potion of
                  | mutation]
  8229 | D:10     | Gained mutation: You are partially covered in rugged brown
                  | scales. (AC +1, +3% HP) [potion of mutation]
  8726 | D:10     | Found a staircase to the Lair.
  8807 | D:10     | Noticed a two-headed ogre
  8837 | D:10     | Killed a two-headed ogre
  8837 | D:10     | Offered knowledge of Searing Ray by Vehumet.
  8838 | D:10     | Reached skill level 5 in Dodging
  8961 | D:10     | Learned a level 2 spell: Searing Ray
  9136 | D:11     | Noticed a cyan ugly thing
  9249 | D:11     | Noticed Erolcha
  9278 | Lair:1   | Entered Level 1 of the Lair of Beasts
  9278 | Lair:1   | Noticed a four-headed hydra
  9290 | D:11     | Noticed a boulder beetle
  9290 | D:11     | Noticed a skeletal warrior
  9290 | D:11     | Noticed a skeletal warrior
  9290 | D:11     | Noticed a skeletal warrior
  9297 | D:10     | Killed a skeletal warrior
  9344 | Lair:1   | Noticed Fannar
  9360 | Lair:1   | Reached skill level 5 in Shields
  9402 | Lair:1   | Reached XP level 11. HP: 72/108 MP: 11/16
  9760 | Lair:1   | Reached *** piety under Vehumet
 10182 | Lair:1   | Killed Fannar
 10183 | Lair:1   | Reached skill level 10 in Unarmed Combat
 10472 | Lair:1   | Reached skill level 1 in Conjurations
 10491 | Lair:1   | Noticed Maggie
 10498 | Lair:1   | Killed Maggie
 10657 | Lair:1   | Killed a four-headed hydra
 10657 | Lair:1   | Offered knowledge of Sticky Flame by Vehumet.
 10926 | Lair:1   | Learned a level 4 spell: Sticky Flame
 11211 | Lair:2   | Identified a scroll of acquirement
 11211 | Lair:2   | Acquired 754 gold pieces
 11437 | Lair:2   | Found a runed translucent door.
 11440 | Lair:2   | Noticed a six-headed hydra
 11508 | Lair:2   | Killed a seven-headed hydra
 11642 | Lair:2   | Noticed po7itron's ghost (journeyman OgHu)
 11747 | Lair:2   | Reached **** piety under Vehumet
 11903 | Lair:2   | Reached skill level 1 in Fire Magic
 11903 | Lair:2   | Reached XP level 12. HP: 100/118 MP: 18/18
 11909 | Lair:2   | Reached skill level 5 in Spellcasting
 11988 | Lair:2   | Learned a level 1 spell: Apportation
 12231 | Lair:2   | Got a heavily runed bone amulet
 12244 | Lair:2   | Identified the amulet of Emouconi {RegenMP Will+} (You
                  | found it on level 2 of the Lair of Beasts)
 12386 | Lair:3   | Offered knowledge of Bolt of Magma by Vehumet.
 12450 | Lair:3   | Noticed Urug
 12518 | Lair:3   | Found a transporter.
 12556 | Lair:3   | Noticed an eight-headed hydra
 12720 | Orc:1    | Entered Level 1 of the Orcish Mines
 12833 | Orc:2    | Entered Level 2 of the Orcish Mines
 13189 | Orc:2    | Found a staircase to the Elven Halls.
 13362 | D:5      | Bought the +2 robe of Vines {NoPotionHeal Regen+7} for 2160
                  | gold pieces
 13362 | D:5      | Found the +2 robe of Vines {NoPotionHeal Regen+7}
 13702 | Lair:3   | Killed Urug
 13755 | Lair:3   | Found a staircase to the Shoals.
 13794 | Lair:3   | Noticed Zuseh's ghost (journeyman TrMo)
 13929 | Lair:3   | Reached skill level 1 in Translocations
 13968 | Lair:3   | Found a transporter.
 14137 | Lair:3   | Killed an eight-headed hydra
 14260 | Lair:4   | Noticed a six-headed hydra
 14283 | Lair:4   | Noticed an eight-headed hydra
 14508 | Lair:4   | Reached skill level 11 in Unarmed Combat
 14526 | Lair:4   | Noticed a catoblepas
 14556 | Lair:4   | Killed a catoblepas
 14659 | Lair:4   | Reached ***** piety under Vehumet
 14695 | Lair:4   | Offered knowledge of Conjure Ball Lightning by Vehumet.
 14938 | Lair:4   | Found a staircase to the Snake Pit.
 15153 | Lair:4   | Reached skill level 1 in Evocations
 15235 | Lair:5   | Found a runed translucent door.
 15236 | Lair:5   | Found a viscous altar of Jiyva.
 15237 | Lair:5   | Noticed an azure jelly
 15241 | Lair:5   | Found a staircase to the Slime Pits.
 15357 | Lair:5   | Reached XP level 13. HP: 122/126 MP: 20/20
 16021 | Lair:6   | Entered Level 6 of the Lair of Beasts
 16264 | Lair:6   | Found a frozen archway.
 16288 | IceCv    | Entered an ice cave
 16326 | IceCv    | Reached skill level 5 in Necromancy
 16583 | IceCv    | Offered knowledge of Eringya's Noxious Bog by Vehumet.
 16607 | IceCv    | Learned a level 6 spell: Eringya's Noxious Bog
 16618 | IceCv    | Noticed a reaper
 16753 | IceCv    | Killed a reaper
 16824 | IceCv    | Found the +5 demon whip "Spellbinder" {antimagic, Will+}
 17089 | Lair:6   | Reached skill level 1 in Poison Magic
 17487 | Lair:6   | Reached skill level 1 in Transmutations
 18174 | Lair:6   | Reached XP level 14. HP: 131/136 MP: 21/21
 18896 | Lair:6   | Reached skill level 12 in Unarmed Combat
 19509 | Orc:2    | Offered knowledge of Freezing Cloud by Vehumet.
 19693 | Orc:2    | Found a shimmering altar of Xom.
 19829 | Orc:1    | Found a roughly hewn altar of Beogh.
 19834 | Orc:1    | Found Gudyd's Armour Shop.
 20274 | Orc:2    | Noticed Nessos
 20292 | Orc:2    | Killed Nessos
 20644 | Orc:2    | Found Relumn's Gadget Emporium.
 20644 | Orc:2    | Found Tejyxi's Armour Shop.
 20737 | Orc:2    | Offered knowledge of Fireball by Vehumet.
 20867 | Orc:2    | Found a roughly hewn altar of Beogh.
 20949 | Orc:2    | Found Gyxzud's Weapon Emporium.
 20949 | Orc:2    | Found Heperiv's Antique Armour Shop.
 21209 | D:11     | Killed Erolcha
 21226 | D:11     | Noticed a tengu reaver
 21252 | D:11     | Killed a tengu reaver
 21867 | D:12     | Reached XP level 15. HP: 147/147 MP: 23/23
 23527 | D:13     | Found a runed translucent door.
 23913 | D:13     | Noticed a tengu reaver
 24240 | D:13     | Killed a tengu reaver
 25071 | D:14     | Found a gate to the Vaults.
 25331 | D:14     | Reached skill level 13 in Unarmed Combat
 25621 | D:15     | Entered Level 15 of the Dungeon
 26173 | D:15     | Reached ****** piety under Vehumet
 26370 | D:15     | Offered knowledge of Starburst by Vehumet.
 26382 | D:15     | Found a staircase to the Depths.
 27555 | Snake:1  | Entered Level 1 of the Snake Pit
 27729 | Snake:1  | Noticed Louise
 27752 | Snake:1  | Killed Louise
 28183 | Snake:1  | Reached XP level 16. HP: 92/156 MP: 21/25
 28665 | Snake:1  | Found Kuluela's Book Boutique.
 28670 | Snake:1  | You fall into a shaft and drop 1 floor!
 29273 | Snake:2  | Reached skill level 10 in Shields
 29414 | Snake:2  | Shot with a bolt by a naga sharpshooter

Illustrated notes

Levels and vault maps discovered:
D:1:      mrwooster_arrival_statue_3, layout_rooms, roderic_roman_lattice
D:2:      layout_loops_cross, uniq_jessica, uniq_natasha
D:3:      layout_basic, elyvilon_altar_3, chequers_serial_rivers_marsh,
          uniq_terence, uniq_ijyb, uniq_sigmund
D:4:      layout_basic
D:5:      layout_loops_ring, serial_shops, nicolae_shop_trees, shop,
          nicolae_shop_behind_doors, kennysheep_mini_moat, shop
D:6:      layout_gridville, minmay_temple_entry_sparse_star, minmay_bent
D:7:      layout_rooms
D:8:      layout_basic
D:9:      layout_stronghold, david_orc_3, serial_column_ruins,
          column_ruins_courtyard_long, column_ruins_open_small,
          column_ruins_corridor_straight, column_ruins_open_small,
          column_ruins_columns_dead_end, column_ruins_columns_straight,
          minmay_gold_behind_fungi, uniq_psyche
D:10:     layout_roguey [special_room_bee], lair_entry_dummy
D:11:     layout_basic, minmay_three_doors, uniq_erolcha
D:12:     layout_loops_ring
D:13:     layout_loops_corners, minivault_13
D:14:     layout_basic, ximxim_vaults_locker_room, kennysheep_minor_cross
D:15:     hangedman_depths_entry_try_elsewhere_first, layout_loops_ring,
          hangedman_abyss_or_decor_slice
Temple:   roderic_octagonal_lattice_temple
Lair:1:   layout_regular_city, uniq_maggie, uniq_fannar
Lair:2:   layout_regular_city, ebering_ghost_reflecting_pool,
          minmay_lair_oklob_chamber, grunt_megastairs_2,
          infiniplex_staircase_pool
Lair:3:   layout_hall_layers, elwin_shoals_entry_rocks, gammafunk_ghost_arena,
          uniq_urug
Lair:4:   nzn_winding_woodlands_three_and_one [nzn_winding_woodlands_5x15_cabin,
          nzn_winding_woodlands_5x15_eye, nzn_winding_woodlands_5x15_zeroes,
          nzn_winding_woodlands_center_pierced_h], layout_regular_city,
          dummy_snake_entry
Lair:5:   layout_regular_city, slime_altar_2
Lair:6:   due_jungle_book, layout_regular_city, portal_ice_cave_demonic_guard,
          minmay_lair_oklob_bushes, columned_hall_lemuel
Snake:1:  layout_cave_pods, serial_shops, shop_statue, uniq_louise
Snake:2:  layout_cave_shapes
Orc:1:    layout_caves, serial_shops, shop_fountains, basic_altar
Orc:2:    st_orc_town, layout_diamond_mine, basic_altar, uniq_nessos

Skill      XL: |  1  2  3  4  5  6  7  8  9 10 11 12 13 14 15 16 |
---------------+-------------------------------------------------+-----
Shields        | 3 4 5 6 7 8 9 10 | 10.0
Unarmed Combat | 3 4 6 7 8 9 10 11 12 13 | 13.4
Dodging        | 3 4 5 6 7 8 9 |  9.4
Fighting       | 3 4 5 6 7 8 |  8.4
Throwing       | 1 2 4 5 6 7 8 |  8.4
Spellcasting   | 1 2 3 4 5 6 |  6.7
Stealth        | 1 2 |  2.5
Necromancy     | 2 3 4 5 6 |  6.7
Conjurations   | 1 3 4 |  4.9
Fire Magic     | 1 2 |  2.6
Translocations | 1 |  1.0
Evocations     | 1 |  1.2
Poison Magic   | 1 2 3 |  3.9
Transmutations | 1 3 4 |  4.2

Action                   |  1- 3 |  4- 6 |  7- 9 | 10-12 | 13-15 | 16-18 || total
-------------------------+-------+-------+-------+-------+-------+-------++-------
Melee: Unarmed           |    83 |   147 |   335 |   587 |  1481 |   137 ||  2770
       Demon whip        |       |       |       |       |     5 |       ||     5
 Fire: Hunting sling     |       |       |       |    15 |    42 |       ||    57
Throw: Stone             |       |    18 |    57 |    51 |     7 |       ||   133
       Boomerang         |       |       |    27 |    70 |    42 |     1 ||   140
       Dart              |       |       |     2 |     4 |       |       ||     6
       Javelin           |       |       |       |     5 |     1 |       ||     6
 Cast: Searing Ray       |       |       |       |     6 |     7 |       ||    13
       Apportation       |       |       |       |     3 |       |       ||     3
       Sticky Flame      |       |       |       |       |    37 |       ||    37
       Vampiric Draining |       |       |       |       |    29 |       ||    29
Evoke: Wand              |       |       |     4 |    21 |     7 |       ||    32
       Box of beasts     |       |       |       |     2 |     4 |     1 ||     7
       Condenser vane    |       |       |       |       |     1 |     1 ||     2
  Use: Scroll            |       |     2 |     3 |    26 |     7 |     4 ||    42
       Potion            |       |       |       |     2 |     4 |       ||     6
 Stab: Sleeping          |       |     1 |     2 |       |     4 |     1 ||     8
       Paralysed         |       |       |       |     9 |       |       ||     9
       Petrified         |       |       |       |     3 |       |       ||     3
       Distracted        |       |       |       |       |     1 |       ||     1
       Confused          |       |       |       |       |       |     1 ||     1
Armor: Robe              |    24 |    44 |    70 |   134 |   436 |    35 ||   743
       Steam dragon scal |       |       |       |    69 |       |       ||    69
       Skin              |       |       |       |       |     1 |       ||     1
Dodge: Dodged            |    36 |    25 |    96 |   257 |   590 |    44 ||  1048
Block: Kite shield       |    35 |    61 |   131 |   358 |   933 |       ||  1518
       Tower shield      |       |       |       |       |    44 |   176 ||   220

Table legend: (Time is in decaauts)
 A = Elapsed time spent in this place.
 B = Non-inter-level travel time spent in this place.
 C = Inter-level travel time spent in this place.
 D = Time resting spent in this place.
 E = Time spent auto-exploring this place.
 F = Levels seen in this place.
 G = Mean time per level.
                   A        B        C        D        E       F      G
               +--------+--------+--------+--------+--------+-----+--------+
         Total |  29055 |  26956 |   2099 |   3016 |  17064 |  27 | 1076.1 |
       Dungeon |  15211 |  13795 |   1416 |   1660 |   9215 |  15 | 1014.1 |
        Temple |    296 |    257 |     39 |      0 |    230 |   1 |  296.0 |
          Lair |   8855 |   8364 |    491 |    819 |   5255 |   6 | 1475.8 |
     Snake Pit |   1821 |   1806 |     15 |    324 |   1070 |   2 |  910.5 |
  Orcish Mines |   2153 |   2017 |    136 |     26 |   1137 |   2 | 1076.5 |
      Ice Cave |    715 |    715 |      0 |    187 |    156 |   1 |  715.0 |
               +--------+--------+--------+--------+--------+-----+--------+

Top non-repeatable levels by time:
  Lair:6: 2415 daAuts
    D:13: 1810 daAuts
     D:6: 1738 daAuts
  Lair:1: 1716 daAuts
   Orc:2: 1587 daAuts
    D:10: 1557 daAuts
  Lair:2: 1544 daAuts
 Snake:1: 1499 daAuts
  Lair:4: 1464 daAuts
    D:14: 1333 daAuts
     D:9: 1046 daAuts
    D:12: 908 daAuts
  Lair:3: 894 daAuts
     D:5: 879 daAuts
    D:15: 874 daAuts
